 Dungeon Crawl Stone Soup version 0.31.0-7-gf635a9b802 (webtiles) character file.

Game seed: 7326049832041613749

259990 SnakkuSnakku7 the Bludgeoner (level 20, -6/126 (149) HPs)
             Began as a Djinni Monk on Jan 23, 2024.
             Was the Champion of Qazlal.
             Mangled by a saltling (16 damage)
             ... summoned by a halazid warlock
             ... in the Desolation of Salt.
             The game lasted 00:49:06 (31754 turns).

SnakkuSnakku7 the Bludgeoner (Djinni Monk)         Turns: 31754, Time: 00:49:08

HP:   -6/126 (149)  AC: 51    Str: 19    XL:     20   Next: 72%
Gold: 2431          EV: 11    Int: 18    God:    Qazlal [******] SH: 30 Dex: 21

rFire   + + .        a - +2 morningstar of the Flying Gods {venom, rC+ Int+3}
rCold   . . .        W - +2 kite shield of Ytuopyxi {rElec Dex+5 SInv}
rNeg    . . .        y - +15 Maxwell's patent armour {-Cast -Tele rElec Will+ rCorr}
rPois   ∞            L - +2 helmet
rElec   +            F - +2 cloak {Will+}
rCorr   +            C - +2 pair of gloves {Str+3}
SInv    +            (boots unavailable)
Will    ++++.        V - amulet of reflection Stlth
                     d - +4 ring of protection
HPRegen 0.41/turn    B - +4 ring of slaying
MPRegen 0.00/turn

%: no teleportation, no spellcasting, repel missiles, reflection, infuse magic
(-7 HP)
@: protected from physical damage, flying, heavily drained
A: sickness immunity, fire resistance 2, cold vulnerability 1, float, innate
caster, HP casting, extra vitality 1, iridescent scales 1, MP-powered wands
}: 2/15 runes: decaying, gossamer
a: Renounce Religion, Upheaval, Elemental Force, Disaster Area


You were in the Desolation of Salt.
You worshipped Qazlal.
Qazlal was exalted by your worship.
You visited 7 branches of the dungeon, and saw 32 of its levels.
You also visited: Sewer, Bailey and Desolation.

You collected 4755 gold pieces.
You spent 2324 gold pieces at shops.

Inventory:

Hand Weapons
 a - the +2 morningstar of the Flying Gods (weapon) {venom, rC+ Int+3}
   (You found it on level 5 of the Dungeon)

   Int+3:     It affects your intelligence (+3).
   rC+:       It protects you from cold.
Missiles
 n - 13 curare-tipped darts (quivered)
 s - 6 throwing nets
Armour
 y - the +15 Maxwell's patent armour (worn) {-Cast -Tele rElec Will+ rCorr}
   (You found it on level 4 of the Dungeon)

   rElec:     It insulates you from electricity.
   Will+:     It increases your willpower.
   -Cast:     It prevents spellcasting.
   -Tele:     It prevents most forms of teleportation.
   rCorr:     It protects you from acid and corrosion.
 C - a +2 pair of gloves of strength (worn)
 F - a +2 cloak of willpower (worn)
 H - a +2 plate armour of cold resistance
 L - a +2 helmet (worn)
 W - the +2 kite shield of Ytuopyxi (worn) {rElec Dex+5 SInv}
   (You took it off Asterion on level 2 of the Lair of Beasts)

   Dex+5:     It affects your dexterity (+5).
   rElec:     It insulates you from electricity.
   SInv:      It lets you see invisible.
Jewellery
 d - a +4 ring of protection (left hand)
 k - a ring of willpower
 B - a +4 ring of slaying (right hand)
 J - a ring of protection from cold
 S - the ring "Jativ" {rElec rF+ rCorr Str+2}
   (You found it on level 5 of the Lair of Beasts)

   [ring of protection from fire]

   Str+2:     It affects your strength (+2).
   rF+:       It protects you from fire.
   rElec:     It insulates you from electricity.
   rCorr:     It protects you from acid and corrosion.
 V - an amulet of reflection (around neck)
Wands
 f - a wand of quicksilver (13)
 j - a wand of mindburst (39)
 z - a wand of flame (25)
 K - a wand of iceblast (20)
 N - a wand of charming (13)
 Q - a wand of digging (3)
 Z - a wand of polymorph (25)
Scrolls
 b - 8 scrolls of enchant weapon
 e - 4 scrolls of butterflies
 l - 6 scrolls of vulnerability
 m - 22 scrolls of teleportation
 o - 5 scrolls of immolation
 u - a scroll of brand weapon
 v - 6 scrolls of fog
 w - 3 scrolls of fear
 x - 5 scrolls of blinking
 D - 2 scrolls of silence
 I - 2 scrolls of revelation
 M - a scroll of enchant armour
 O - 2 scrolls of poison
 U - a scroll of torment
Potions
 c - 10 potions of ambrosia
 g - 10 potions of cancellation
 h - 5 potions of might
 i - 8 potions of brilliance
 p - 8 potions of invisibility
 q - 4 potions of enlightenment
 r - 8 potions of heal wounds
 t - 7 potions of curing
 E - 4 potions of haste
 G - 4 potions of attraction
 R - 5 potions of lignification
 X - 2 potions of resistance
 Y - 3 potions of mutation


   Skills:
 - Level 15.0 Fighting
 - Level 16.0 Maces & Flails
 - Level 15.0 Armour
 - Level 10.0 Dodging
 - Level 15.0 Shields
 + Level 15.5 Invocations


You knew the following spells:

 Your Spells              Type           Power      Damage    Failure   Level
a - Summon Small Mammal   Summ           0%         N/A       99%         1
b - Scorch                Fire           0%         2d5       100%        2
c - Momentum Strike       Conj/Tloc      0%         3d8       100%        2
d - Manifold Assault      Tloc           0%         N/A       100%        4
e - Silence               Hex/Air        0%         N/A       100%        5
f - Arcjolt               Conj/Air       0%         1d10      100%        5
g - Plasma Beam           Fire/Air       0%         2x1d10    100%        6
h - Dispersal             Tloc           0%         N/A       100%        6
i - Spellforged Servitor  Conj/Summ      0%         N/A       100%        7
Your spell library was empty.


Dungeon Overview and Level Annotations

Branches:
Dungeon (15/15)            Temple (1/1) D:4            Lair (5/5) D:8
  Swamp (4/4) Lair:2       Spider (4/4) Lair:2        Slime (0/5) Lair:5
    Orc (2/2) D:9             Elf (0/3) Orc:2        Vaults (1/5) D:14
 Depths (0/4) D:15          Sewer (visited)          Bailey (visited)
Desolation (1/1)

Altars:
Ashenzari
Cheibriados
Dithmenos
Elyvilon
Fedhas
Gozag
Hepliaklqana
Makhleb
Nemelex Xobeh
Okawaru
Qazlal
Ru
Trog
Uskayaw
Wu Jian
Xom
Yredelemnul
Zin
The Shining One
Lugonu

Shops:
D:6 [   D:7 *   Orc:2 ?:?[   Vaults:1 ?

Portals:
Abyss: Lair:5
Pandemonium: Orc:2


Innate Abilities, Weirdness & Mutations

You are immune to sickness and miasma.
You are immune to poison.
Your flesh is very heat resistant. (rF++)
You are vulnerable to cold. (rC-)
You float through the air rather than walking.
You learn spells naturally, not from books.
Your magical power is your life essence.
You have superior vitality. (+4 MHP)
You are partially covered in iridescent scales. (AC +2)
You expend health (3 HP) to strengthen your wands.


Message History

The ghostly fireball engulfs the saltling.
The saltling completely resists.
The ghostly fireball engulfs the halazid warlock.
The halazid warlock completely resists.
The ghostly fireball engulfs you!!!
You feel drained.
* * * LOW HITPOINT WARNING * * *
The ghostly fireball engulfs the saltling.
The saltling completely resists.
The ghostly fireball engulfs the saltling.
The saltling completely resists.
The ghostly fireball engulfs the saltling.
The saltling completely resists.
Unknown command.
Okay, then.
You feel much better. You block the saltling's attack. x3
The saltling hits you!
* * * LOW HITPOINT WARNING * * *
The servant of whispers is engulfed in blazing flames.
The servant of whispers hits you but does no damage.
The halazid warlock points at the saltling and mumbles some strange words.
The saltling's animating energy erupts into ghostly fire!
The ghostly flame explodes!
The ghostly fireball engulfs you!
You feel drained.
* * * LOW HITPOINT WARNING * * *
The ghostly fireball engulfs the halazid warlock.
The halazid warlock completely resists.
The ghostly fireball engulfs the saltling.
The saltling completely resists.
The ghostly fireball engulfs the peacekeeper.
The peacekeeper completely resists.
The ghostly fireball engulfs the saltling.
The saltling completely resists.
The saltling hits you but does no damage.
The saltling hits you.
* * * LOW HITPOINT WARNING * * *
The saltling hits you.
* * * LOW HITPOINT WARNING * * *
Your resistance to cold fades away.
You feel protected from physical attacks.
The saltling hits you!
You die...

.......... #..... ...
#......... # #8.#....
#.###...#§.
##......§§§
.....○999§§§§ .§
#a@99§§§§.§
#8L§§§§§.§ #§○9§§.§§.
#######§.§§.§§..
.............§§..
.............§§§§§ .
............#....§..
...........#........
.....................


You could see a servant of whispers (summoned), a halazid warlock, a peacekeeper
(summoned, strong) and 5 saltlings.

Vanquished Creatures
  the Lernaean hydra (Swamp:4)
  Arachne (Spider:4)
  Rupert (D:14)
  A tentacled monstrosity (Swamp:4)
  Asterion (Lair:2)
  The ghost of san475 the Impregnable, an adept MiBe of Trog (Spider:4)
  Agnes (Lair:2)
  Aizul (Spider:2)
  Donald (Orc:2)
  A fenstrider witch (Swamp:2)
  4 emperor scorpions
  A frost giant (D:12)
  6 ghouls
  5 ghost moths
  A very ugly thing (Vaults:1)
  4 ironbound preservers (Vaults:1)
  3 broodmothers
  2 ironbound thunderhulks (Vaults:1)
  A stone giant (D:15)
  6 eleionomae
  Azrael (Spider:2)
  2 bunyips
  4 dire elephants (Vaults:1)
  3 spark wasps
  A crystal guardian (Desolation)
  A ragged hierophant (Desolation)
  A shambling mangrove (Swamp:2)
  A yaktaur captain (Vaults:1)
  A fire dragon (D:15)
  Harold (D:9)
  Fannar (D:11)
  The ghost of occam the Carver, a journeyman HOFi of Qazlal (D:8)
  2 rakshasas
  4 servants of whispers (Desolation)
  20 hydras
  Erolcha (Orc:1)
  4 peacekeepers (Desolation)
  2 jorogumos
  3 demonspawn (Orc:2)
  A catoblepas (Lair:2)
  6 alligators
  3 death yaks
  4 centaur warriors
  3 ghost crabs
  2 boulder beetles
  5 two-headed ogres
  3 radroaches (Spider:4)
  4 ironbound frosthearts (Vaults:1)
  2 tengu warriors (D:15)
  Urug (D:9)
  7 demonic crawlers
  4 orc high priests (Orc:2)
  2 thrashing horrors (Lair:5)
  Sonja (D:11)
  Nergalle (Orc:1)
  6 pharaoh ants
  7 skeletal warriors
  6 goliath frogs
  A skyshark (Lair:4)
  11 deep trolls (Vaults:1)
  10 orb spiders
  6 spriggan druids
  A sun moth (Spider:4)
  6 steelbarb worms
  An arcanist (D:13)
  15 swamp dragons
  5 bog bodies
  11 orc knights
  A phantasmal warrior (Vaults:1)
  3 ironbound convokers
  2 deep elf pyromancers
  9 lindwurms
  9 orc sorcerers
  5 will-o-the-wisps
  An oklob plant (D:8)
  11 wolf spiders
  17 ugly things
  3 manticores
  4 meliai
  2 black mambas (Lair:5)
  2 guardian serpents (Desolation)
  2 moths of wrath (Spider:4)
  5 kobold blastminers
  5 cyclopes
  5 elephants (Lair:4)
  4 molten gargoyles (D:14)
  Joseph (D:8)
  6 torpor snails
  6 spectral spriggans (Swamp:3)
  A rust devil (Orc:2)
  7 cane toads
  2 smoke demons (Lair:5)
  2 orange demons (Orc:2)
  3 gargoyles (D:12)
  2 freezing wraiths (Swamp:3)
  5 unseen horrors
  A large abomination (Lair:5)
  10 rime drakes
  4 kobold demonologists (D:11)
  6 komodo dragons
  3 yaktaurs (Vaults:1)
  2 efreet
  A troll (shapeshifter) (D:15)
  A queen bee (Lair:3)
  7 trolls
  12 tyrant leeches
  23 tarantellas
  10 hornets
  A hornet (shapeshifter) (Lair:5)
  29 saltlings (Desolation)
  18 blink frogs
  3 raiju (Lair:5)
  37 jumping spiders
  31 culicivoras
  10 spriggans
  4 shadows
  22 slime creatures
  A ynoxinul (Lair:5)
  A centaur simulacrum (D:15)
  3 fire elementals (Spider:2)
  2 water elementals
  8 wyverns
  16 humans (D:14)
  6 wargs
  48 yaks
  A wraith (D:12)
  69 redbacks
  A hog (shapeshifter) (D:14)
  14 basilisks
  A neqoxec (Orc:2)
  Menkaure (D:7)
  29 vampire mosquitoes
  3 chaos spawn (Lair:5)
  14 swamp worms
  7 acid dragons
  4 hell hounds (Spider:2)
  A sky beast (D:6)
  7 swamp drakes
  10 water moccasins
  37 orc warriors
  An ice beast (shapeshifter) (D:15)
  3 ice beasts
  5 black bears
  12 small abominations (Lair:5)
  4 ogres
  A crocodile (shapeshifter) (D:15)
  7 centaurs
  3 kobold brigands
  10 bullfrogs
  5 scorpions
  36 killer bees
  8 electric eels
  7 howler monkeys
  A lava snake (D:15)
  4 bombardier beetles
  3 hounds
  25 orc priests
  4 jellies
  An iguana (D:6)
  18 orc wizards
  10 hell rats
  4 river rats
  7 adders
  8 gnolls
  2 shadow imps
  2 white imps
  3 dart slugs
  A ribbon worm (D:3)
  86 orcs
  14 endoplasms
  4 giant cockroaches
  3 goblins
  4 hobgoblins
  2 jackals (Sewer)
  3 quokkas
  15 ball pythons
  2 bats
  7 frilled lizards
  15 kobolds
  14 rats
1240 creatures vanquished.

Vanquished Creatures (others)
  A bunyip (Swamp:2)
  A spark wasp (Spider:4)
  2 hydras (Swamp:2)
  A bog body (Swamp:3)
  A will-o-the-wisp (Swamp:2)
  A guardian serpent (Desolation)
  8 bloated husks
  A spriggan (Swamp:1)
  A vampire (D:12)
  A water elemental (D:11)
  A vampire mosquito (Swamp:2)
  2 redbacks
  A swamp drake (Swamp:4)
  28 foxfires
50 creatures vanquished.

Grand Total: 1290 creatures vanquished

Notes
Turn   | Place    | Note
-------+----------+-------------------------------------------
     0 | D:1      | SnakkuSnakku7 the Djinni Monk began the quest for the Orb.
     0 | D:1      | Reached XP level 1. HP: 20/20 MP: 0/0
    81 | D:1      | Reached XP level 2. HP: 20/25 MP: 0/0
   195 | D:1      | Reached skill level 3 in Maces & Flails
   535 | D:1      | Reached XP level 3. HP: 30/30 MP: 0/0
   535 | D:1      | Learned a level 1 spell: Summon Small Mammal
   794 | D:2      | Reached XP level 4. HP: 33/35 MP: 0/0
   859 | D:2      | Reached skill level 4 in Maces & Flails
  1330 | D:3      | Noticed a scorpion
  1342 | D:3      | Killed a scorpion
  1343 | D:3      | Reached XP level 5. HP: 36/40 MP: 0/0
  1343 | D:3      | Learned a level 2 spell: Scorch
  1398 | D:3      | Found a glowing drain.
  1445 | Sewer    | Entered a sewer
  1454 | Sewer    | Reached skill level 5 in Maces & Flails
  1619 | Sewer    | Noticed a kobold brigand
  1639 | Sewer    | Killed a kobold brigand
  1640 | Sewer    | Reached XP level 6. HP: 20/46 MP: 0/0
  1674 | Sewer    | Found a white marble altar of Elyvilon.
  1979 | D:3      | Reached skill level 6 in Maces & Flails
  1979 | D:3      | Reached XP level 7. HP: 45/50 MP: 0/0
  1979 | D:3      | Learned a level 2 spell: Momentum Strike
  2138 | D:4      | Found a hazy altar of Hepliaklqana.
  2175 | D:4      | Found a shadowy altar of Dithmenos.
  2278 | D:4      | Found a staircase to the Ecumenical Temple.
  2287 | Temple   | Entered the Ecumenical Temple
  2316 | Temple   | Became a worshipper of Qazlal Stormbringer
  2316 | Temple   | Reached * piety under Qazlal
  2316 | Temple   | Reached ** piety under Qazlal
  2426 | D:4      | Found the +15 Maxwell's patent armour {-Cast -Tele rElec
                  | Will+ rCorr}
  3002 | D:5      | Entered Level 5 of the Dungeon
  3048 | D:5      | Reached skill level 7 in Maces & Flails
  3137 | D:5      | Reached XP level 8. HP: 56/56 MP: 0/0
  3179 | D:5      | Identified the +2 morningstar of the Flying Gods {venom,
                  | rC+ Int+3}
  3533 | D:6      | Found a white marble altar of Elyvilon.
  3581 | D:6      | Reached skill level 8 in Maces & Flails
  3644 | D:6      | Reached skill level 9 in Maces & Flails
  3772 | D:6      | Identified the +1 leather armour of Wilics {rElec rPois}
  3802 | D:6      | Reached XP level 9. HP: 23/60 MP: 0/0
  3802 | D:6      | Learned a level 4 spell: Manifold Assault
  4013 | D:6      | Found Pinaitot's Antique Armour Shoppe.
  4021 | D:6      | Bought a runed cloak for 195 gold pieces
  4102 | D:6      | Found a blossoming altar of Fedhas.
  4491 | D:7      | Reached skill level 10 in Maces & Flails
  4509 | D:7      | Noticed Menkaure
  4517 | D:7      | Killed Menkaure
  4642 | D:7      | Reached *** piety under Qazlal
  4780 | D:7      | Found a flagged portal.
  4790 | Bailey   | Entered a bailey
  4971 | Bailey   | Noticed an orc knight
  4975 | Bailey   | Found a large runed translucent door.
  4975 | Bailey   | Found a large runed translucent door.
  4977 | Bailey   | Noticed a deep elf pyromancer
  4999 | Bailey   | Killed an orc knight
  5000 | Bailey   | Reached skill level 11 in Maces & Flails
  5000 | Bailey   | Reached XP level 10. HP: 21/67 MP: 0/0
  5206 | Bailey   | Killed a deep elf pyromancer
  5223 | Bailey   | Gained mutation: You have hidden genetic potential. [potion
                  | of mutation]
  5224 | Bailey   | Identified the +2 chain mail of Love and Death {Fly MP+9}
  5226 | Bailey   | Identified the staff of Might {rF+ Stlth+ Fire}
  5288 | D:7      | Identified the +2 spear of Grontol {speed, Str+3}
  5540 | D:7      | Found Seiguhil's CLEARANCE SALE!.
  5554 | D:7      | Reached skill level 12 in Maces & Flails
  5561 | D:7      | Bought a potion of cancellation for 56 gold pieces
  5561 | D:7      | Bought a scroll of identify for 14 gold pieces
  5867 | D:8      | Noticed a death yak
  5867 | D:8      | Found a staircase to the Lair.
  5868 | D:8      | Noticed a death yak
  5869 | D:8      | Noticed a death yak
  5882 | D:7      | Killed a death yak
  6321 | D:7      | Killed a death yak
  6385 | D:8      | Noticed Joseph
  6410 | D:8      | Killed Joseph
  6411 | D:8      | Reached skill level 13 in Maces & Flails
  6538 | D:8      | Reached skill level 1 in Armour
  6592 | D:8      | Reached XP level 11. HP: 67/71 MP: 0/0
  6592 | D:8      | Learned a level 5 spell: Silence
  6686 | D:8      | Found a transporter.
  6688 | D:8      | Noticed occam's ghost (journeyman HOFi)
  6812 | D:8      | Found a transporter.
  6852 | D:8      | Noticed an oklob plant
  6884 | D:8      | Found a basalt altar of Yredelemnul.
  7063 | D:8      | Killed a death yak
  7087 | D:8      | Gained mutation: You expend health (3 HP) to strengthen
                  | your wands. [hidden potential]
  7221 | D:8      | Reached skill level 5 in Armour
  7269 | D:8      | Killed occam's ghost
  7421 | D:8      | Killed an oklob plant
  7583 | D:9      | Reached **** piety under Qazlal
  7911 | D:9      | Found a staircase to the Orcish Mines.
  8050 | D:9      | Noticed a two-headed ogre
  8054 | D:9      | Killed a two-headed ogre
  8211 | D:9      | Found an iron altar of Okawaru.
  8321 | D:10     | Entered Level 10 of the Dungeon
  8322 | D:10     | Noticed Harold
  8323 | D:10     | Noticed Urug
  8333 | D:10     | Noticed a red ugly thing
  8360 | D:9      | Killed Harold
  8361 | D:9      | Reached XP level 12. HP: 36/76 MP: 0/0
  8528 | D:9      | Reached skill level 10 in Armour
  8564 | D:9      | Killed Urug
  8582 | D:9      | Gained mutation: You are partially covered in iridescent
                  | scales. (AC +2) [hidden potential]
  8582 | D:9      | Lost mutation: You have hidden genetic potential. [hidden
                  | potential expressed]
  8682 | D:9      | Reached skill level 5 in Fighting
  8993 | D:10     | Found an ornate altar of the Wu Jian Council.
  9118 | D:10     | Reached ***** piety under Qazlal
  9201 | D:10     | Found a sacrificial altar of Ru.
  9325 | D:6      | Bought a kite shield for 117 gold pieces
  9325 | D:6      | Bought a brightly glowing chain mail for 247 gold pieces
  9325 | D:6      | Identified the +1 chain mail "Xuuddye" {rElec rC+ Str+2}
                  | (You bought it in a shop on level 6 of the Dungeon)
  9380 | Lair:1   | Entered Level 1 of the Lair of Beasts
  9391 | Lair:1   | Reached skill level 1 in Shields
  9530 | Lair:1   | Noticed a boulder beetle
  9541 | Lair:1   | Killed a boulder beetle
  9594 | Lair:1   | Identified the +3 battleaxe of Ashenzari's Delight {speed,
                  | rElec rPois Dex-4}
  9738 | Lair:1   | Reached skill level 5 in Shields
 10301 | Lair:2   | Found a hole to the Spider Nest.
 10388 | Lair:2   | Found a staircase to the Swamp.
 10472 | Lair:2   | Reached XP level 13. HP: 88/90 MP: 0/0
 10472 | Lair:2   | Learned a level 5 spell: Arcjolt
 10544 | Lair:2   | Noticed a catoblepas
 10560 | Lair:2   | Killed a catoblepas
 11017 | Lair:3   | Noticed a five-headed hydra
 11038 | Lair:3   | Killed a five-headed hydra
 11087 | Lair:3   | Noticed a five-headed hydra
 11259 | Lair:3   | Reached skill level 10 in Shields
 11275 | Lair:3   | Killed a five-headed hydra
 11980 | Lair:3   | Noticed a five-headed hydra
 11984 | Lair:3   | Reached skill level 10 in Fighting
 11988 | Lair:3   | Killed a five-headed hydra
 12455 | Lair:4   | Reached ****** piety under Qazlal
 12456 | Lair:4   | Reached skill level 5 in Dodging
 12518 | Lair:4   | Reached XP level 14. HP: 103/103 MP: 0/0
 12526 | Lair:4   | Found a stormy altar of Qazlal.
 13228 | Lair:5   | Entered Level 5 of the Lair of Beasts
 13303 | Lair:5   | Found a staircase to the Slime Pits.
 13800 | Lair:5   | Reached skill level 10 in Dodging
 13807 | Lair:5   | Reached skill level 1 in Invocations
 14014 | Lair:5   | Reached skill level 5 in Invocations
 14060 | Lair:5   | Found a corrupted altar of Lugonu.
 14060 | Lair:5   | Found a one-way gate to the infinite horrors of the Abyss.
 14070 | Lair:5   | Identified the ring "Jativ" {rElec rF+ rCorr Str+2}
 14489 | D:11     | Noticed Sonja
 14491 | D:11     | Killed Sonja
 14594 | D:11     | Reached XP level 15. HP: 90/107 MP: 0/0
 14594 | D:11     | Learned a level 6 spell: Plasma Beam
 14857 | D:11     | Noticed Fannar
 14880 | D:11     | Killed Fannar
 15680 | D:12     | Identified the blade talisman of Boredom {rPois rC+ Dex+3
                  | Slay-6}
 15691 | D:12     | Noticed a frost giant
 15700 | D:12     | Killed a frost giant
 15705 | D:12     | Reached skill level 10 in Invocations
 16809 | D:12     | Identified the +0 cloak "Xadghy" {-Tele Rampage rC+++
                  | Regen+}
 17132 | Orc:1    | Entered Level 1 of the Orcish Mines
 17136 | Orc:1    | Noticed Erolcha
 17142 | Orc:1    | Killed Erolcha
 17143 | Orc:1    | Reached skill level 14 in Maces & Flails
 17226 | Orc:2    | Entered Level 2 of the Orcish Mines
 17538 | Orc:2    | Noticed Donald
 17554 | Orc:2    | Killed Donald
 17688 | Orc:2    | Found a staircase to the Elven Halls.
 17739 | Orc:1    | Noticed Nergalle
 17748 | Orc:1    | Killed Nergalle
 17946 | Orc:2    | Reached XP level 16. HP: 92/113 MP: 0/0
 18018 | Orc:2    | Found Ecugh's Magic Scroll Shoppe.
 18021 | Orc:2    | Found Guub's Magic Scroll Emporium.
 18056 | Orc:2    | Reached skill level 15 in Maces & Flails
 18092 | Orc:2    | Bought a scroll of acquirement for 936 gold pieces
 18092 | Orc:2    | Bought a scroll of teleportation for 54 gold pieces
 18092 | Orc:2    | Bought a scroll of fog for 72 gold pieces
 18092 | Orc:2    | Bought a scroll of teleportation for 54 gold pieces
 18092 | Orc:2    | Bought a scroll of teleportation for 54 gold pieces
 18092 | Orc:2    | Bought a scroll of fear for 72 gold pieces
 18092 | Orc:2    | Bought a scroll of fear for 72 gold pieces
 18092 | Orc:2    | Acquired 824 gold pieces
 18096 | Orc:2    | Bought a scroll of enchant armour for 82 gold pieces
 18096 | Orc:2    | Bought a scroll of enchant weapon for 82 gold pieces
 18096 | Orc:2    | Bought a scroll of revelation for 82 gold pieces
 18696 | Orc:2    | Found Ozxion's Book Boutique.
 18696 | Orc:2    | Found Deysuett's Antique Armour Shop.
 18697 | Orc:2    | Found a one-way gate leading to the halls of Pandemonium.
 18931 | D:13     | Found the +2 pair of slick slippers {slick, slippery, EV+4}
 19234 | D:13     | Reached skill level 16 in Maces & Flails
 19860 | D:14     | Noticed Rupert
 19860 | D:14     | Found a gate to the Vaults.
 19963 | D:14     | Killed Rupert
 20823 | D:15     | Entered Level 15 of the Dungeon
 21150 | D:15     | Reached XP level 17. HP: 117/125 MP: 0/0
 21150 | D:15     | Learned a level 6 spell: Dispersal
 21303 | D:15     | Identified the amulet "Jebuent" {Faith rPois Dex+3}
 21395 | D:15     | Found a staircase to the Depths.
 21931 | Swamp:1  | Entered Level 1 of the Swamp
 23403 | Swamp:2  | Reached skill level 15 in Fighting
 24865 | Swamp:4  | Entered Level 4 of the Swamp
 24949 | Swamp:4  | Reached XP level 18. HP: 129/138 MP: 0/0
 25243 | Swamp:4  | Identified the +3 great sword of Dued {heavy, SInv}
 25300 | Swamp:4  | Noticed a tentacled monstrosity
 25328 | Swamp:4  | Killed a tentacled monstrosity
 25463 | Swamp:4  | Noticed the 27-headed Lernaean hydra
 25989 | Swamp:4  | Killed the 27-headed Lernaean hydra
 26294 | Swamp:4  | Got a decaying rune of Zot
 26449 | Spider:1 | Entered Level 1 of the Spider Nest
 26449 | Spider:1 | Noticed Agnes
 26460 | Lair:2   | Killed Agnes
 26472 | Spider:1 | Reached skill level 15 in Shields
 26482 | Spider:1 | Identified the +2 kite shield of Ytuopyxi {rElec Dex+5
                  | SInv}
 26482 | Spider:1 | Noticed Asterion
 26585 | Lair:2   | Killed Asterion
 27294 | Spider:2 | Identified the serpent talisman of Cowardice {Dex+3 SInv}
 27294 | Spider:2 | Noticed Aizul
 27312 | Spider:2 | Killed Aizul
 27777 | Spider:2 | Noticed Azrael
 27794 | Spider:2 | Killed Azrael
 28150 | Spider:3 | Reached XP level 19. HP: 124/143 MP: 0/0
 28150 | Spider:3 | Learned a level 7 spell: Spellforged Servitor
 28555 | Spider:3 | Acquired a +2 pair of gloves of strength
 29227 | Spider:4 | Entered Level 4 of the Spider Nest
 29651 | Spider:4 | Found a transporter.
 29653 | Spider:4 | Noticed san475's ghost (adept MiBe)
 29661 | Spider:4 | Found a transporter.
 29665 | Spider:4 | Identified the ring of Vumeim {Fly rF+ rN+ Dex-2}
 29697 | Spider:4 | Noticed Arachne
 29713 | Spider:4 | Reached skill level 15 in Armour
 29723 | Spider:4 | Killed Arachne
 30040 | Spider:4 | Killed san475's ghost
 30360 | Spider:4 | Reached XP level 20. HP: 132/149 MP: 0/0
 30398 | Spider:4 | Got a gossamer rune of Zot
 30683 | Vaults:1 | Entered Level 1 of the Vaults
 30792 | Vaults:1 | Found Kilem's Magic Scroll Shoppe.
 30835 | Vaults:1 | Bought a scroll of teleportation for 45 gold pieces
 30835 | Vaults:1 | Bought a scroll of teleportation for 45 gold pieces
 30835 | Vaults:1 | Bought a scroll of teleportation for 45 gold pieces
 30864 | Vaults:1 | Found a crumbling gateway.
 31305 | Desolati | Entered the Desolation of Salt
 31329 | Desolati | Reached skill level 15 in Invocations
 31754 | Desolati | Mangled by a saltling

Illustrated notes

Levels and vault maps discovered:
D:1:      scummos_arrival_simple_crosswalls, layout_loops_ring
D:2:      layout_rooms, minmay_snake_closets
D:3:      layout_rooms, portal_sewer_entry_e
D:4:      layout_cave_pods, nicolae_hepliaklqana_hazy_memory,
          mainiacjoe_overflow_brackets, temple_fountains
D:5:      layout_basic
D:6:      layout_loops_corners, elyvilon_altar_4, kennysheep_little_box,
          serial_shops, nicolae_diamond_shop
D:7:      layout_layer_cave, enter_bailey_2, nicolae_shop_clearance,
          uniq_menkaure
D:8:      layout_cave_pods, kennysheep_mini, dpeg_lair_monsters,
          nzn_ghost_randoct, uniq_joseph
D:9:      layout_loops_ring, hellmonk_sif_muna_bookshelves,
          general_overflow_altar, david_orc_4, kennysheep_generic_room_2
D:10:     layout_cross, mainiacjoe_overflow_alcove_2, nicolae_ru_path_of_blood,
          nzn_wu_jian_council_hall, dreamdust_wishing_well, uniq_urug,
          uniq_harold
D:11:     minmay_polygon_palace, layout_basic, hex_intersection, uniq_sonja,
          uniq_fannar
D:12:     layout_layer_cave, minivault_5, evilmike_minifort
D:13:     layout_loops_cross
D:14:     layout_loops_ring, david_vaults_3, serial_bayou_ford_a, minivault_8
D:15:     grunt_enter_depths_snipers, layout_basic, serial_bayou_shore_b,
          nicolae_lava_and_water
Temple:   nicolae_temple_godzebo
Lair:1:   layout_long_grid
Lair:2:   layout_loops_ring, minmay_swamp_entry_wisps,
          hellmonk_spider_entry_not_the_bees, serial_bayou_shore_a,
          lemuel_fruit_tree
Lair:3:   layout_roguey [special_room_bee], special_room
          [special_room_mythical_zoo], nicolae_quartered_pool_little
Lair:4:   layout_loops_ring, basic_altar
Lair:5:   hellmonk_lair_end_abyssal_woods, layout_loops_ring,
          nicolae_slime_entry_slimehenge, infiniplex_staircase_pool
Swamp:1:  layout_basic_swamp, infiniplex_staircase_pool_2, swamp_pool_5
Swamp:2:  layout_falls_marsh, evilmike_swamp_ruin_house_2, swamp_pool_1_2,
          grunt_witch_cave
Swamp:3:  nicolae_swamp_flooded_prison, layout_basic_swamp,
          evilmike_swamp_ruin_house_5
Swamp:4:  swamp_old_school, layout_basic_swamp, statue_in_the_mist_lemuel
Spider:1: layout_spider_delve, drop_trap, einodemon_crawler_minivault,
          uniq_agnes, uniq_asterion
Spider:2: nicolae_spider_hilbert_zone_6 [nicolae_spider_hilbert_4_sides_1_open,
          nicolae_spider_hilbert_4_sides_1_open,
          nicolae_spider_hilbert_4_sides_1_open,
          nicolae_spider_hilbert_4_sides_1_open,
          nicolae_spider_hilbert_4_sides_1_open,
          nicolae_spider_hilbert_4_sides_1_open,
          nicolae_spider_hilbert_4_sides_1_open], uniq_aizul, uniq_azrael
Spider:3: layout_spider_delve, nicolae_spider_swamp_cousins
Spider:4: spider_rune_water, gammafunk_ghost_arena,
          nicolae_spider_twisty_arc_passages, uniq_arachne
Orc:1:    layout_diamond_mine, minmay_orc_temple_a, uniq_nergalle, uniq_erolcha
Orc:2:    pf_orc_diabolical, layout_diamond_mine, basic_altar,
          nicolae_orc_stony_grotto, uniq_donald
Vaults:1: portal_desolation_entry_garden, st_cells,
          nicolae_vaults_closet_pinwheel_2, hangedman_vaults_locks,
          nicolae_vaults_little_squares_2, nicolae_vaults_three_branches,
          nicolae_vaults_tangram_1, nicolae_vaults_stairing_the_circle,
          nicolae_vaults_double_plus_2, v_rooms_5, v_alt_pattern_4, v_misc_10,
          layout_vaults_maze, serial_shops, nicolae_shop_rolling_square,
          uniq_zenata
Desolation

Skill      XL: |  1  2  3  4  5  6  7  8  9 10 11 12 13 14 15 16 17 18 19 20 |
---------------+-------------------------------------------------------------+-----
Maces & Flails | 3 4 5 6 7 9 11 13 14 16 | 16.0
Armour         | 2 9 10 12 15 | 15.0
Fighting       | 7 10 12 15 | 15.0
Shields        | 6 10 12 15 | 15.0
Dodging        | 5 10 | 10.0
Invocations    | 7 10 12 15 | 15.5

Action                     |  1- 3 |  4- 6 |  7- 9 | 10-12 | 13-15 | 16-18 | 19-21 || total
---------------------------+-------+-------+-------+-------+-------+-------+-------++-------
  Melee: Mace              |    89 |   150 |       |       |       |       |       ||   239
         Flail             |       |    23 |    66 |       |       |       |       ||    89
         Morningstar       |       |       |   152 |   531 |  1234 |  1624 |  1048 ||  4589
  Throw: Dart              |       |       |       |     2 |       |       |       ||     2
 Invoke: Disaster Area     |       |       |       |       |       |     1 |     3 ||     4
         Elemental Force   |       |       |       |       |       |     1 |       ||     1
  Evoke: Wand              |       |       |       |       |     2 |       |       ||     2
    Use: Scroll            |       |       |    18 |     8 |     4 |     4 |     2 ||    36
         Potion            |       |       |       |     3 |     2 |     2 |     8 ||    15
   Stab: Distracted        |       |       |       |       |       |     1 |       ||     1
         Held in net/web   |       |       |       |       |       |     1 |       ||     1
 Armour: Robe              |    13 |       |       |       |       |       |       ||    13
         Ring mail         |    41 |   124 |     5 |       |       |       |       ||   170
         Plate armour      |       |       |   296 |   483 |   755 |  1107 |   697 ||  3338
  Dodge: Dodged            |    57 |   113 |    55 |    96 |   182 |   372 |   272 ||  1147
         Repelled          |       |       |       |     3 |     8 |     5 |     7 ||    23
  Block: Kite shield       |       |       |       |   110 |  1284 |  1991 |  1720 ||  5105
         Reflection        |       |       |       |       |    13 |    49 |    15 ||    77
